 Dungeon Crawl Stone Soup version 0.28-a0-381-g937acc2988 (webtiles) character file.

Game seed: 11862074584851997826

9 hatdisgam the Sneak (level 2, -2/16 HPs)
             Began as a Spriggan Delver on Sept 2, 2021.
             Slain by a shadow imp (3 damage)
             ... on level 5 of the Dungeon.
             The game lasted 00:00:31 (120 turns).

hatdisgam the Sneak (Spriggan Delver)                Turns: 120, Time: 00:00:31

Health: -2/16      AC:  2    Str:  8    XL:     2   Next: 3%
Magic:  3/3        EV: 17    Int: 11    God:
Gold:   0          SH:  0    Dex: 16    Spells: 1/1 levels left

rFire   . . .      SeeInvis +   a - +0 short sword
rCold   . . .      Faith    .   (shield restricted)
rNeg    . . .      Spirit   .   b - +0 robe
rPois   .          Reflect  .   (helmet restricted)
rElec   .          Harm     .   (no cloak)
rCorr   .          Rampage  .   (gloves unavailable)
Will    .....                   (boots unavailable)
Stlth   ++++......              (no amulet)
HPRegen 0.05/turn               (no ring)
MPRegen 0.08/turn               (no ring)

@: very quick
A: very small, no large weapons, unfitting armour, see invisible, speed 3
a: no special abilities


You were on level 5 of the Dungeon.
You visited 1 branch of the dungeon, and saw 1 of its levels.

Inventory:

Hand Weapons
 a - a +0 short sword (weapon)
Armour
 b - a +0 robe (worn)
Wands
 g - a wand of digging (3)
Scrolls
 c - a scroll of fog
 d - a scroll of magic mapping
 e - a scroll of fear
Potions
 f - a potion of haste


   Skills:
 - Level 2.4 Fighting
 * Level 2.6 Short Blades
 + Level 3.0 Dodging
 + Level 7.4 Stealth


You had one spell level left.
You didn't know any spells.
Your spell library was empty.

Dungeon Overview and Level Annotations

Branches:
Dungeon (5/15)
 Temple: D:4-7

Altars:


Innate Abilities, Weirdness & Mutations

You are very small and have problems with some larger weapons.
You are too small for most types of armour.
You have supernaturally acute eyesight. (SInv)
You cover ground extremely quickly. (Speed+++)


Message History

There is a stone staircase leading down here.
The helpless adder fails to defend itself.
You impale the adder!!
You kill the adder!
Your Dodging skill increases to level 3!
You have reached level 2!
There is a stone staircase leading down here.
Found a hand axe.
Found 33 stones.
You see here 33 stones.
You open the door.
A necrophage comes into view.
Found 12 gold pieces.
You close the door.
A shadow imp comes into view.
The shadow imp hits you.
You hit the shadow imp but do no damage.
The shadow imp barely misses you.
You hit the shadow imp.
The shadow imp is lightly wounded.
The shadow imp closely misses you.
You hit the shadow imp.
The shadow imp is moderately wounded.
The shadow imp hits you.
You hit the shadow imp but do no damage.
The shadow imp is moderately wounded.
The shadow imp closely misses you.
You hit the shadow imp.
The shadow imp is moderately wounded.
The shadow imp barely misses you.
You barely miss the shadow imp.
The shadow imp is moderately wounded.
The shadow imp gestures at you. Pain shoots through your body!
Ouch! That really hurt!
* * * LOW HITPOINT WARNING * * *
You hit the shadow imp but do no damage.
The shadow imp is moderately wounded.
The shadow imp hits you.
You die...

#.#
##.#########...##
#. #.#
#...............#
#. #.#
#..########....##
#. #.###..#
#.#..######.
#......#
#.###...(....
#####.## ##
#..####### #.###
#.#+# #...####
##... ##..@5.#
...$. #..##.#
....... #... #
........n #.....
+.........+
##...#.
#.........#
#..##.# #..# #
#..#


You could see a shadow imp.

Vanquished Creatures
  An adder (D:5)
1 creature vanquished.

Notes
Turn   | Place    | Note
-------+----------+-------------------------------------------
     0 | D:5      | hatdisgam the Spriggan Delver began the quest for the Orb.
     0 | D:5      | Reached XP level 1. HP: 11/11 MP: 2/2
    20 | D:5      | Reached XP level 2. HP: 16/16 MP: 3/3
    67 | D:5      | Noticed a necrophage
   120 | D:5      | Slain by a shadow imp

Illustrated notes

Levels and vault maps discovered:
D:5:      layout_loops_corners, corexii_leaking_fountain

Skill      XL: |  1 |
---------------+----+-----
Dodging        | 3 |  3.0
Fighting       | |  2.4
Short Blades   | |  2.6
Stealth        | |  7.4

Action                   || total
-------------------------++-------
Melee: Short sword       ||     8
 Stab: Sleeping          ||     1
Dodge: Dodged            ||     4

Table legend: (Time is in decaauts)
 A = Elapsed time spent in this place.
 B = Non-inter-level travel time spent in this place.
 C = Inter-level travel time spent in this place.
 D = Time resting spent in this place.
 E = Time spent auto-exploring this place.
 F = Levels seen in this place.
 G = Mean time per level.
                   A        B        C        D        E       F      G
               +--------+--------+--------+--------+--------+-----+--------+
         Total |     75 |     75 |      0 |      0 |     28 |   1 |   75.0 |
       Dungeon |     75 |     75 |      0 |      0 |     28 |   1 |   75.0 |
               +--------+--------+--------+--------+--------+-----+--------+

Top non-repeatable levels by time:
     D:5: 75 daAuts
